 Dungeon Crawl Stone Soup version 0.22-a0-283-g1871b15 (webtiles) character file.

439 tidbits the Insei (level 7, 23/52 HPs)
             Began as a Gnoll Transmuter on Mar 18, 2018.
             Quit the game in a bailey.
             The game lasted 00:09:20 (936 turns).

tidbits the Insei (Gnoll Transmuter)                 Turns: 936, Time: 00:09:20

Health: 23/52      AC:  5    Str: 12    XL:     7   Next: 1%
Magic:  15/15      EV: 15    Int: 18    God:
Gold:   107        SH:  0    Dex: 15    Spells: 6/16 levels left

rFire    . . .     SeeInvis .   f - +0 dagger
rCold    . . .     Gourm    .   (no shield)
rNeg     . . .     Faith    .   B - +0 robe
rPois    .         Spirit   .   E - +0 helmet
rElec    .         Reflect  .   (no cloak)
rCorr    .         Harm     .   (no gloves)
MR       .....     Rnd*Tele +   F - +1 pair of boots
Stlth    +.........             (no amulet)
HPRegen  0.17/turn              e - ring of teleportation
MPRegen  0.14/turn              t - ring of loudness

@: no status effects
A: distributed training, fangs 1, strong nose
a: no special abilities


You were in a bailey.
You were not hungry.

You visited 1 branch of the dungeon, and saw 7 of its levels.
You also visited: Bailey.

You collected 107 gold pieces.

Inventory:

Hand Weapons
 f - a +0 dagger (weapon)
 r - a +0 shortbow of velocity
   (You took it off a centaur on level 6 of the Dungeon)
Missiles
 a - 81 arrows
 g - 26 bolts
 h - 3 tomahawks (quivered)
 m - 7 stones
Armour
 l - a +0 leather armour of fire resistance
   (You found it on level 2 of the Dungeon)
 B - a +0 robe (worn)
 E - a +0 helmet (worn)
 F - a +1 pair of boots (worn)
Jewellery
 e - a ring of teleportation (left hand)
   (You found it on level 1 of the Dungeon)
 j - an uncursed ring of poison resistance
   (You found it on level 1 of the Dungeon)
 t - a ring of loudness (right hand)
   (You found it on level 7 of the Dungeon)
 I - an uncursed ring of see invisible
   (You found it on level 4 of the Dungeon)
Scrolls
 i - 2 scrolls of remove curse
 k - a scroll of teleportation {unknown}
 o - a scroll of enchant weapon {unknown}
 p - a scroll of enchant armour {unknown}
 q - 2 scrolls of amnesia {unknown}
 s - a scroll of magic mapping {unknown}
Potions
 b - a potion of heal wounds {unknown}
 d - a potion of magic {unknown}
 n - a potion of curing {unknown}
Comestibles
 c - 7 rations


   Skills:
 + Level 3.4 Fighting
 + Level 2.1 Short Blades
 + Level 2.1 Long Blades
 + Level 2.1 Axes
 + Level 2.1 Maces & Flails
 + Level 2.1 Polearms
 + Level 2.1 Staves
 + Level 2.1 Slings
 + Level 2.1 Bows
 + Level 2.1 Crossbows
 + Level 2.1 Throwing
 + Level 2.1 Armour
 + Level 5.1 Dodging
 + Level 2.1 Stealth
 + Level 2.1 Shields
 + Level 6.9 Unarmed Combat
 + Level 5.4 Spellcasting
 + Level 1.7 Conjurations
 + Level 1.7 Hexes
 + Level 1.7 Charms
 + Level 1.7 Summonings
 + Level 1.7 Necromancy
 + Level 1.7 Translocations
 + Level 4.2 Transmutations
 + Level 1.7 Fire Magic
 + Level 1.7 Ice Magic
 + Level 1.7 Air Magic
 + Level 1.7 Earth Magic
 + Level 1.7 Poison Magic
 + Level 2.4 Invocations
 + Level 2.1 Evocations


You had 6 spell levels left.
You knew the following spells:

 Your Spells              Type           Power        Failure   Level  Hunger
e - Beastly Appendage     Tmut           ###...       2%          1    None
i - Ice Form              Ice/Tmut       ###.....     36%         4    ####...
k - Sticks to Snakes      Tmut           ###.....     3%          2    #......
p - Spider Form           Tmut/Pois      ###.......   11%         3    ##.....


Dungeon Overview and Level Annotations

Branches:
Dungeon (7/15)
 Temple: D:4-7

Altars:
Gozag
Okawaru
Zin


Innate Abilities, Weirdness & Mutations

Your experience applies equally to all skills.
You have very sharp teeth.
Your uncanny sense of smell can sniff out nearby items.


Message History

An orc comes into view.
There is an open door here.
Casting: Spider Form (safe; 12% risk of failure)
Confirm with . or Enter, or press ? or * to list all spells.
You turn into a venomous arachnid creature.
Your +0 dagger melds into your body.
Your +0 helmet melds into your body.
Your +1 pair of boots melds into your body.
Your +0 robe melds into your body.
The orc wizard points at you and mumbles some strange words.
The magic dart hits you!
* * * LOW HITPOINT WARNING * * *
You bite the orc wizard!
The orc wizard is poisoned.
The orc wizard is heavily wounded.
The orc wizard barely misses you.
You bite the orc wizard!
You kill the orc wizard!
The orc wizard barely misses you.
You bite the orc wizard!
The orc wizard is poisoned.
The orc wizard is almost dead.
You hear a shout!
You hit the orc wizard.
The orc wizard looks as sick as possible!
The orc wizard is almost dead.
You hear the faint creaking of a distant portcullis.
The orc wizard completely misses you.
You closely miss the orc wizard.
The orc wizard is almost dead.
You kill the orc wizard!
You have reached level 7!
You hit the orc but do no damage.
The orc is poisoned.
You hit the orc.
The orc is heavily wounded.
The orc hits you but does no damage.
You bite the orc!
You kill the orc!
Items here: )) [[[ ††
Okay, then.
Butcher an orc corpse? [(y)es/(n)o/(a)ll/(q)uit/?]
Butcher an orc corpse? [(y)es/(n)o/(a)ll/(q)uit/?]
Okay, then.
You butcher the orc corpse.
Items here: % )) [[[ ÷ † Unknown command.
Eat one of 4 chunks of flesh? (ye/n/q)
You eat one of the 4 chunks of flesh.
This raw flesh tastes terrible.
There is an open door here.
Found a runed ruby ring.
You open the door.
Your transformation is almost over.
There is an open door here.
Found a metal-bound book.
Unknown command.
You see here a scroll labeled WIGIBE OWAU.
s - a scroll labeled WIGIBE OWAU You see here a runed ruby ring.
t - a runed ruby ring Your transformation has ended.
Your +0 dagger unmelds from your body.
Your +0 helmet unmelds from your body.
Your +1 pair of boots unmelds from your body.
Your +0 robe unmelds from your body.
You see here a book of Minor Magic.
You pick up a book of Minor Magic and begin reading...
You add the spells Magic Dart, Blink, Call Imp, Slow, Conjure Flame and Mephitic Cloud to your library.
Okay, then.
Found a spear.
Found a spear.
Found a flagged portal.
Unknown command.
Found a halberd and a spear.
A crimson imp comes into view.
The crimson imp shouts!
An orc and a howler monkey come into view.
The howler monkey howls!
The orc shouts!
The howler monkey hoots and howls with incredible vigour!
A howler monkey comes into view.
The howler monkey howls!
You hear a shout!
An adder and an orc wizard come into view.
The orc wizard is wielding a dagger of venom.
There is a flagged portal here.
Unknown command.
Unknown command.
The crimson imp blinks!
The world spins around you as you enter the gateway.
You enter a bailey!
An orc warrior and an orc knight come into view.
The orc knight shouts!
The orc warrior shouts! x2; You hear a shout!
The orc knight shouts!
You hear a shout! x2; The orc knight shouts!
The orc warrior shouts!
Found two gates leading back out of this place.
There is an empty arch of ancient stone here.
There is a gate leading back out of this place here.
Put on which piece of jewellery? (? for menu, Esc to quit)
You remove your ring of see invisible.
Oops, that ring feels deathly cold.
t - a cursed ring of loudness (right hand)
As you read the scroll labeled FOCSASU UHITZA, it crumbles to dust.
You feel as if something is helping you.
It was a scroll of remove curse.
Drop what? 24/52 slots (_ for help) (? for menu, Esc to quit)
Okay, then.
Are you sure you want to abandon this character and quit the game? (Confirm with "yes".)

### ##@## #.∩.#
#...# .......
o≈.......≈o
≈o≈≈......o≈≈o≈
≈≈≈o.#...#..≈≈≈
....##...##....
#### ##∩## ####


You could see an orc knight and an orc warrior.

Vanquished Creatures
  Menkaure (D:4)
  A centaur (D:6)
  2 orc wizards (D:7)
  A bullfrog skeleton (D:4)
  Robin (D:2)
  2 adders
  A worm (D:2)
  2 dart slugs
  A leopard gecko (D:2)
  An orc (D:7)
  2 giant cockroaches
  6 hobgoblins
  2 jackals (D:1)
  7 kobolds
  2 ball pythons (D:1)
  2 bats
  5 frilled lizards
  15 goblins
  4 rats
58 creatures vanquished.

Vanquished Creatures (collateral kills)
  An ogre (D:4)
1 creature vanquished.

Grand Total: 59 creatures vanquished

Notes
Turn   | Place    | Note
-------+----------+-------------------------------------------
     0 | D:1      | tidbits the Gnoll Transmuter began the quest for the Orb.
     0 | D:1      | Reached XP level 1. HP: 17/17 MP: 6/6
    29 | D:1      | Reached XP level 2. HP: 23/23 MP: 5/7
   262 | D:1      | Reached XP level 3. HP: 21/28 MP: 9/9
   272 | D:1      | Reached skill level 5 in Spellcasting
   354 | D:2      | Noticed Robin
   376 | D:2      | Learned a level 2 spell: Sticks to Snakes
   383 | D:2      | Reached skill level 1 in Invocations
   384 | D:2      | Killed Robin
   389 | D:2      | Learned a level 3 spell: Spider Form
   391 | D:2      | Reached skill level 1 in Short Blades
   391 | D:2      | Reached skill level 1 in Long Blades
   391 | D:2      | Reached skill level 1 in Axes
   391 | D:2      | Reached skill level 1 in Maces & Flails
   391 | D:2      | Reached skill level 1 in Polearms
   391 | D:2      | Reached skill level 1 in Staves
   391 | D:2      | Reached skill level 1 in Slings
   391 | D:2      | Reached skill level 1 in Bows
   391 | D:2      | Reached skill level 1 in Crossbows
   391 | D:2      | Reached skill level 1 in Throwing
   391 | D:2      | Reached skill level 1 in Armour
   391 | D:2      | Reached skill level 1 in Stealth
   391 | D:2      | Reached skill level 1 in Shields
   391 | D:2      | Reached skill level 1 in Evocations
   405 | D:2      | Reached XP level 4. HP: 16/34 MP: 7/11
   485 | D:2      | Found an opulent altar of Gozag.
   485 | D:2      | Found a glowing silver altar of Zin.
   647 | D:4      | Noticed Menkaure
   648 | D:4      | Noticed an ogre
   659 | D:4      | Killed Menkaure
   659 | D:4      | Reached skill level 3 in Fighting
   659 | D:4      | Reached skill level 1 in Conjurations
   659 | D:4      | Reached skill level 1 in Hexes
   659 | D:4      | Reached skill level 1 in Charms
   659 | D:4      | Reached skill level 1 in Summonings
   659 | D:4      | Reached skill level 1 in Necromancy
   659 | D:4      | Reached skill level 1 in Translocations
   659 | D:4      | Reached skill level 4 in Transmutations
   659 | D:4      | Reached skill level 1 in Fire Magic
   659 | D:4      | Reached skill level 1 in Ice Magic
   659 | D:4      | Reached skill level 1 in Air Magic
   659 | D:4      | Reached skill level 1 in Earth Magic
   659 | D:4      | Reached skill level 1 in Poison Magic
   659 | D:4      | Reached XP level 5. HP: 41/41 MP: 5/12
   661 | D:4      | Killed an ogre
   661 | D:4      | Reached skill level 2 in Invocations
   661 | D:4      | Reached XP level 6. HP: 47/47 MP: 5/13
   726 | D:5      | Entered Level 5 of the Dungeon
   772 | D:4      | Found an iron altar of Okawaru.
   816 | D:6      | Reached skill level 2 in Short Blades
   816 | D:6      | Reached skill level 2 in Long Blades
   816 | D:6      | Reached skill level 2 in Axes
   816 | D:6      | Reached skill level 2 in Maces & Flails
   816 | D:6      | Reached skill level 2 in Polearms
   816 | D:6      | Reached skill level 2 in Staves
   816 | D:6      | Reached skill level 2 in Slings
   816 | D:6      | Reached skill level 2 in Bows
   816 | D:6      | Reached skill level 2 in Crossbows
   816 | D:6      | Reached skill level 2 in Throwing
   816 | D:6      | Reached skill level 2 in Armour
   816 | D:6      | Reached skill level 5 in Dodging
   816 | D:6      | Reached skill level 2 in Stealth
   816 | D:6      | Reached skill level 2 in Shields
   816 | D:6      | Reached skill level 2 in Evocations
   836 | D:6      | Noticed an ice beast
   848 | D:7      | Learned a level 4 spell: Ice Form
   892 | D:7      | Reached XP level 7. HP: 16/52 MP: 12/15
   923 | D:7      | Found a flagged portal.
   931 | Bailey   | Entered a bailey
   931 | Bailey   | Noticed an orc knight
   931 | Bailey   | Noticed an orc knight
   931 | Bailey   | Noticed an orc knight
   936 | Bailey   | Quit the game

Vault maps used:
D:1:      dpeg_arrival_water_altar
D:2:      grunt_temple_overflow_gold_and_silver, roderic_nine_men_s_morris,
          uniq_robin
D:3:      lemuel_doored_altar, cheibriados_altar_1, first_ration
D:4:      nicolae_overflow_crystal_walls, okawaru_trees_2,
          minmay_temple_entry_metal_lava, portal_sewer_entry_e, uniq_ijyb,
          uniq_menkaure
D:5:      nicolae_qazlal_style_of_elements
D:6:      lemuel_round_altar, old_standard_altar, uniq_duvessa, uniq_edmund
D:7:      nicolae_overflow_hidden_temple, enter_bailey_2
Bailey:   bailey_polearm_4, bailey

Skill      XL: |  1  2  3  4  5  6 |
---------------+-------------------+-----
Spellcasting   | 5 |  5.4
Invocations    | 1 2 |  2.4
Short Blades   | 1 2 |  2.1
Long Blades    | 1 2 |  2.1
Axes           | 1 2 |  2.1
Maces & Flails | 1 2 |  2.1
Polearms       | 1 2 |  2.1
Staves         | 1 2 |  2.1
Slings         | 1 2 |  2.1
Bows           | 1 2 |  2.1
Crossbows      | 1 2 |  2.1
Throwing       | 1 2 |  2.1
Armour         | 1 2 |  2.1
Stealth        | 1 2 |  2.1
Shields        | 1 2 |  2.1
Evocations     | 1 2 |  2.1
Fighting       | 3 |  3.4
Conjurations   | 1 |  1.7
Hexes          | 1 |  1.7
Charms         | 1 |  1.7
Summonings     | 1 |  1.7
Necromancy     | 1 |  1.7
Translocations | 1 |  1.7
Transmutations | 4 |  4.2
Fire Magic     | 1 |  1.7
Ice Magic      | 1 |  1.7
Air Magic      | 1 |  1.7
Earth Magic    | 1 |  1.7
Poison Magic   | 1 |  1.7
Dodging        | 5 |  5.1
Unarmed Combat | |  6.9

Action                   |  1- 3 |  4- 6 |  7- 9 || total
-------------------------+-------+-------+-------++-------
Melee: Unarmed           |    84 |    48 |     3 ||   135
       Headbutt          |    10 |       |       ||    10
       Bite              |     4 |       |       ||     4
       Punch             |     1 |       |       ||     1
 Cast: Beastly Appendage |    12 |       |       ||    12
       Spider Form       |     1 |    13 |       ||    14
       Sticks to Snakes  |       |     4 |       ||     4
 Abil: End Transformatio |       |     1 |       ||     1
  Use: Scroll            |       |       |     1 ||     1
 Stab: Sleeping          |     3 |       |       ||     3
  Eat: Chunk             |       |       |     1 ||     1
Armor: Robe              |    12 |       |       ||    12
       Skin              |       |     1 |     1 ||     2
Dodge: Dodged            |    43 |    44 |       ||    87

Table legend:
 A = Spawn XP
 B = Non-spawn XP
 C = Spawn XP percentage of total XP
 D = Spawn monster count
 E = Non-spawn monster count
 F = Spawn count percentage of total count
 G = Total turns spent on level
                    A         B        C        D         E        F      G
               +---------+---------+-------+---------+---------+-------+---------
         Total |       0 |     628 |   0.0 |       0 |      59 |   0.0 |   936
               +---------+---------+-------+---------+---------+-------+---------
           D:1 |       0 |      37 |   0.0 |       0 |      22 |   0.0 |   250
           D:2 |       0 |      77 |   0.0 |       0 |      27 |   0.0 |   337
           D:3 |       0 |       1 |   0.0 |       0 |       1 |   0.0 |    41
           D:4 |       0 |     321 |   0.0 |       0 |       5 |   0.0 |   169
           D:6 |       0 |     112 |   0.0 |       0 |       1 |   0.0 |    38
           D:7 |       0 |      80 |   0.0 |       0 |       3 |   0.0 |    90
               +---------+---------+-------+---------+---------+-------+---------

Table legend:
 A = Turns spent in this place as a percentage of turns spent in the entire game.
 B = Non-inter-level travel turns spent in this place as a percentage of non-inter-level travel turns spent in the entire game.
 C = Inter-level travel turns spent in this place as a percentage of turns spent in this place.
 D = Turns resting spent in this place as a percentage of non-inter-level travel turns spent in this place.
 E = Turns spent auto-exploring this place as a percentage of non-inter-level travel turns spent in this place.
 F = Non-inter-level travel turns spent in this place divided by the number of levels of this place that you've seen.
                   A       B       C       D       E      F
               +-------+-------+-------+-------+-------+----------------------
         Total | 100.0 | 100.0 |   2.2 |   0.0 |   0.0 | 114.4
       Dungeon |  99.5 |  99.5 |   2.3 |   0.0 |   0.0 | 130.0
        Bailey |   0.5 |   0.5 |   0.0 |   0.0 |   0.0 |   5.0
               +-------+-------+-------+-------+-------+----------------------

Table legend:
 A = Kills in this place as a percentage of kills in entire the game.
 B = Kills by you in this place as a percentage of kills by you in the entire game.
 C = Kills by friends in this place as a percentage of kills by friends in the entire game.
 D = Other kills in this place as a percentage of other kills in the entire game.
 E = Experience gained in this place as a percentage of experience gained in the entire game.
 F = Experience gained in this place divided by the number of levels of this place that you have seen.
                   A       B       C       D       E      F
               +-------+-------+-------+-------+-------+----------------------
         Total | 100.0 | 100.0 | 100.0 |   N/A | 100.0 |  78.5
       Dungeon | 100.0 | 100.0 | 100.0 |   N/A | 100.0 |  89.7
               +-------+-------+-------+-------+-------+----------------------

Vault maps used:
D:1:      dpeg_arrival_water_altar
D:2:      grunt_temple_overflow_gold_and_silver, roderic_nine_men_s_morris,
          uniq_robin
D:3:      lemuel_doored_altar, cheibriados_altar_1, first_ration
D:4:      nicolae_overflow_crystal_walls, okawaru_trees_2,
          minmay_temple_entry_metal_lava, portal_sewer_entry_e, uniq_ijyb,
          uniq_menkaure
D:5:      nicolae_qazlal_style_of_elements
D:6:      lemuel_round_altar, old_standard_altar, uniq_duvessa, uniq_edmund
D:7:      nicolae_overflow_hidden_temple, enter_bailey_2
Bailey:   bailey_polearm_4, bailey
